 Dungeon Crawl Stone Soup version 0.31-a0-230-g09eb5fc4d3 (webtiles) character file.

Game seed: 2096583415558010138

44 qw the Shooter (level 3, -2/29 HPs)
             Began as a Minotaur Hexslinger on July 6, 2023.
             Slain by a gnoll
             ... wielding a +0 halberd
              (4 damage)
             ... on level 2 of the Dungeon.
             The game lasted 00:00:25 (1182 turns).

qw the Shooter (Minotaur Hexslinger)                Turns: 1182, Time: 00:00:26

Health: -2/29      AC:  6    Str: 12    XL:     3   Next: 41%
Magic:  3/3        EV:  6    Int: 10    God:
Gold:   63         SH:  0    Dex: 20    Spells: 3/4 levels left

rFire   . . .        Y - +1 sling
rCold   . . .        (no shield)
rNeg    . . .        d - +0 acid dragon scales
rPois   .            (helmet restricted)
rElec   .            (no cloak)
rCorr   +            (no gloves)
SInv    .            (no boots)
Will    .....        (no amulet)
Stlth   +            i - +6 ring of dexterity
HPRegen 0.24/turn    (no ring)
MPRegen 0.08/turn

%: no passive effects
@: about to teleport, held
A: horns 2, retaliatory headbutt
a: no special abilities


You were on level 2 of the Dungeon.
You visited 1 branch of the dungeon, and saw 2 of its levels.

You collected 96 gold pieces.
You spent 33 gold pieces at shops.


Innate Abilities, Weirdness & Mutations

You have a pair of horns on your head.
You reflexively headbutt those who attack you in melee.


   Skills:
 - Level 2.0 Fighting
 - Level 4.0 Ranged Weapons
 + Level 0.0 Armour
 - Level 2.1 Dodging
 - Level 1.0 Spellcasting
 - Level 2.0 Hexes


You had 3 spell levels left.
You knew the following spells:

 Your Spells              Type           Power      Damage    Failure   Level
a - Slow                  Hex            16%        N/A       22%         1

Your spell library contained the following spells:

 Spells                   Type           Power      Damage    Failure   Level
 Inner Flame              Hex/Fire       2%         N/A       71%         3
 Portal Projectile        Hex/Tloc       4%         N/A       71%         3
 Cause Fear               Hex            2%         N/A       92%         4

Inventory:

Hand Weapons
 Y - a +1 sling (weapon)
Armour
 d - +0 acid dragon scales (worn)
Jewellery
 i - a +6 ring of dexterity (left hand)
Scrolls
 b - a scroll of identify
Potions
 a - a potion of brilliance {unknown}

Dungeon Overview and Level Annotations

Branches:
Dungeon (2/15)

Altars:

Shops:
D:1 =!=!

Annotations:
D:2 1 runed translucent door, Crazy Yiuf


Message History

Your Ranged Weapons skill increases to level 4!
You shoot a sling bullet. The sling bullet hits the gnoll.
The gnoll is moderately wounded.
Something hits you but does no damage.
You shoot a sling bullet.
You hear some strange, mumbled words.
You are confused.
1177 ||| DRINKING potion of curing.
You feel better.
1177 ||| (to cure confusion)
Something hits you.
An orc comes into view. It is wielding a +0 club.
The gnoll hits you but does no damage.
The gnoll throws a throwing net.
The throwing net closely misses you.
You shoot a sling bullet. The sling bullet hits the gnoll!
The gnoll is almost dead.
Something hits you. The gnoll barely misses you.
The gnoll throws a throwing net.
The throwing net hits you.
You become entangled in the net!
The gnoll hits you from afar with a +0 spear.
You hear some strange, mumbled words.
A puff of flame appears from out of thin air!
The puff of flame hits you.
You struggle against the net.
Something hits you but does no damage.
The gnoll hits you from afar with a +0 spear.
You struggle against the net.
The gnoll hits you from afar with a +0 halberd!
Something hits you but does no damage. The gnoll closely misses you.
1181 ||| READING scroll of teleportation.
As you read the scroll of teleportation, it crumbles to dust.
You feel strangely unstable. Something hits you but does no damage.
The gnoll hits you from afar with a +0 spear.
The gnoll barely misses you.
A hobgoblin comes into view.
You struggle against the net.
The hobgoblin shouts!
Something hits you but does no damage. The gnoll barely misses you.
The gnoll hits you from afar with a +0 halberd.
You die...

#.....# ####### #.....#
#.....# #.....# #.....#
#.....# #.....# #.....#
#.....# #.....# #.....#
#..o..# .
######.....####(@{g.#....
.....'.....'......g.).g..
######.....####.....#....
..# ####### #.....# ..
... ####### ... ... ###


You could see 2 gnolls, an orc and a hobgoblin.

Vanquished Creatures
  An adder (D:2)
  A dart slug (D:2)
  An orc (D:2)
  2 bats
  2 endoplasms (D:2)
  3 giant cockroaches
  5 hobgoblins
  3 kobolds (D:1)
  4 quokkas
  3 ball pythons
  2 frilled lizards (D:1)
  2 rats (D:1)
29 creatures vanquished.

Notes
Turn   | Place    | Note
-------+----------+-------------------------------------------
     0 | D:1      | qw the Minotaur Hexslinger began the quest for the Orb.
     0 | D:1      | Reached XP level 1. HP: 16/16 MP: 1/1
     0 | D:1      | 0 ||| qw: Version: 0.3-a-46-gb1f654a
     0 | D:1      | 0 ||| qw: Game counter: 1787
     0 | D:1      | 0 ||| qw: Melee chars always use a shield: true
     0 | D:1      | 0 ||| qw: God list: Okawaru
     0 | D:1      | 0 ||| qw: Allow faded altars: false
     0 | D:1      | 0 ||| qw: Do Orc after clearing Dungeon:15 true
     0 | D:1      | 0 ||| qw: Do second Lair branch before Depths: true
     0 | D:1      | 0 ||| qw: Lair rune preference: random
     0 | D:1      | 0 ||| qw: Goals: Normal
     0 | D:1      | 0 ||| PLANNING D:1-11
   128 | D:1      | Found Joqog's Jewellery Shop.
   136 | D:1      | 136 ||| SHOPLISTING +4 ring of protection (360 gold, have
                  | 27).
   136 | D:1      | 136 ||| SHOPLISTING +6 ring of dexterity (360 gold, have
                  | 27).
   136 | D:1      | 136 ||| SHOPLISTING +6 ring of strength (360 gold, have
                  | 27).
   136 | D:1      | 136 ||| SHOPLISTING amulet "Haemyumu" {Reflect Fly rElec
                  | rPois SH+5} (503 gold, have 27).
   136 | D:1      | 136 ||| SHOPLISTING amulet of the acrobat (300 gold, have
                  | 27).
   136 | D:1      | 136 ||| SHOPLISTING ring of ice (250 gold, have 27).
   165 | D:1      | Reached skill level 3 in Ranged Weapons
   165 | D:1      | Reached XP level 2. HP: 23/23 MP: 2/2
   189 | D:1      | Found Plog's Jewellery Boutique.
   194 | D:1      | 194 ||| SHOPLISTING +6 ring of dexterity (504 gold, have
                  | 39).
   194 | D:1      | 194 ||| SHOPLISTING +6 ring of strength (504 gold, have
                  | 39).
   194 | D:1      | 194 ||| SHOPLISTING amulet of faith (560 gold, have 39).
   194 | D:1      | 194 ||| SHOPLISTING ring "Plog" {Ice Str+3 Dex+5} (683
                  | gold, have 39).
   194 | D:1      | 194 ||| SHOPLISTING ring of willpower (350 gold, have 39).
   210 | D:1      | Found Zedi Sue's Distillery.
   218 | D:1      | 218 ||| SHOPLISTING 2 potions of enlightenment (110 gold,
                  | have 39).
   218 | D:1      | 218 ||| SHOPLISTING potion of cancellation (88 gold, have
                  | 39).
   218 | D:1      | 218 ||| BUYING potion of curing (33 gold).
   218 | D:1      | Bought a potion of curing for 33 gold pieces
   218 | D:1      | 218 ||| SHOPLISTING potion of curing (33 gold, have 6).
   218 | D:1      | 218 ||| SHOPLISTING potion of enlightenment (55 gold, have
                  | 6).
   218 | D:1      | 218 ||| SHOPLISTING potion of experience (550 gold, have
                  | 6).
   218 | D:1      | 218 ||| SHOPLISTING potion of haste (110 gold, have 6).
   218 | D:1      | 218 ||| SHOPLISTING potion of heal wounds (55 gold, have
                  | 6).
   218 | D:1      | 218 ||| SHOPLISTING potion of resistance (110 gold, have
                  | 6).
   290 | D:1      | Found Vowko's Distillery.
   299 | D:1      | 299 ||| SHOPLISTING 2 potions of curing (60 gold, have 25).
   299 | D:1      | 299 ||| SHOPLISTING potion of curing (30 gold, have 25).
   299 | D:1      | 299 ||| SHOPLISTING potion of enlightenment (50 gold, have
                  | 25).
   299 | D:1      | 299 ||| SHOPLISTING potion of might (40 gold, have 25).
   818 | D:1      | 818 ||| UPGRADING to +0 acid dragon scales.
   828 | D:1      | 828 ||| DROPPING +0 robe.
   829 | D:1      | 829 ||| UPGRADING to +6 ring of dexterity.
   830 | D:1      | 830 ||| READING scroll labelled MIGEAWN YFIOWN.
   831 | D:1      | 831 ||| READING scroll labelled RULAAR CAU.
   832 | D:1      | 832 ||| READING 2 scrolls labelled OSIQOA UHITIO.
   836 | D:1      | 836 ||| READING 3 scrolls labelled TOCSABI WOOVAOFU.
   837 | D:1      | 837 ||| DROPPING scroll of poison.
   838 | D:1      | 838 ||| DROPPING 2 scrolls of fog.
   930 | D:2      | 930 ||| FLEEEEING.
   931 | D:2      | 931 ||| FLEEEEING.
   938 | D:2      | 938 ||| STAIRDANCE
   965 | D:2      | Reached XP level 3. HP: 29/29 MP: 3/3
   990 | D:2      | Found a runed translucent door.
   991 | D:2      | Noticed Crazy Yiuf
  1173 | D:2      | 1173 ||| Stepping ~*~*~tactically~*~*~ (outnumbered).
  1175 | D:2      | Reached skill level 4 in Ranged Weapons
  1177 | D:2      | 1177 ||| DRINKING potion of curing.
  1177 | D:2      | 1177 ||| (to cure confusion)
  1180 | D:2      | HP: 5/29 [gnoll/+0 halberd (7)]
  1181 | D:2      | 1181 ||| READING scroll of teleportation.
  1181 | D:2      | HP: 2/29 [gnoll/+0 spear (3)]
  1182 | D:2      | Slain by a gnoll

Levels and vault maps discovered:
D:1:      minmay_arrival_four_houses, layout_basic, serial_shops, shop, shop,
          shop, nicolae_shop_hallway_plus, corner_web_ring
D:2:      minmay_wonky_spiral, layout_basic, uniq_crazy_yiuf_cottage,
          uniq_natasha

Skill      XL: |  1  2  3 |
---------------+----------+-----
Ranged Weapons | 3 4 |  4.0
Fighting       | 2 |  2.0
Dodging        | |  2.1
Spellcasting   | |  1.0
Hexes          | |  2.0

Action                     || total
---------------------------++-------
   Fire: Sling             ||    76
    Use: Scroll            ||     5
         Potion            ||     1
 Armour: Acid dragon scale ||    11
  Dodge: Dodged            ||    18

Table legend:
 A = Non-vault XP
 B = Vault XP
 C = Vault XP percentage of total XP
 D = Non-vault monster count
 E = Vault monster count
 F = Vault count percentage of total count
                 A         B        C        D         E       F
            +---------+---------+-------+---------+---------+-------
      Total |      64 |       0 |   0.0 |      29 |       0 |   0.0
            +---------+---------+-------+---------+---------+-------
        D:1 |      28 |       0 |   0.0 |      18 |       0 |   0.0
        D:2 |      36 |       0 |   0.0 |      11 |       0 |   0.0
            +---------+---------+-------+---------+---------+-------
